 Dungeon Crawl Stone Soup version 0.19.1 (webtiles) character file.

6914 Pytinka the Chiller (level 10, -4/74 HPs)
             Began as a Demigod Ice Elementalist on Dec 21, 2016.
             Slain by a yak (9 damage)
             ... on level 9 of the Dungeon.
             The game lasted 01:56:26 (17903 turns).

Pytinka the Chiller (Demigod Ice Elementalist)     Turns: 17903, Time: 01:56:26

Health: -4/74      AC:  8    Str: 10 (11) XL:     10   Next: 51%
Magic:  9/23       EV: 16    Int: 21 (25) God:
Gold:   130        SH:  0    Dex: 15 (16) Spells: 7 memorised, 5 levels left

rFire  + . .     SeeInvis .     e - +4 short sword (speed)
rCold  . . .     Gourm    .     a - +2 robe
rNeg   + . .     Faith    .     (no shield)
rPois  .         Spirit   .     (no helmet)
rElec  .         Reflect  .     n - +0 cloak
rCorr  .         Harm     .     r - +0 pair of gloves
MR     +....                    j - +0 pair of boots
Stlth  ++........               (no amulet)
                                o - ring of positive energy
                                l - ring of protection from fire

@: no status effects
A: repulsion field 1, deterioration 1, high mp 1, no device heal 1
a: no special abilities


You were on level 9 of the Dungeon.
You were not hungry.

You visited 2 branches of the dungeon, and saw 11 of its levels.

You collected 405 gold pieces.
You spent 275 gold pieces at shops.

Inventory:

Hand Weapons
 e - a +4 short sword of speed (weapon)
 t - a +2 long sword of draining
Missiles
 g - 110 arrows
 m - 7 tomahawks (quivered)
Armour
 a - a +2 robe (worn)
 j - a +0 pair of boots (worn)
 n - a +0 cloak (worn)
 r - a +0 pair of gloves (worn)
Jewellery
 l - a ring of protection from fire (left hand)
 o - a ring of positive energy (right hand)
Scrolls
 h - a scroll of identify
 v - a scroll of brand weapon
 x - 3 scrolls of remove curse
 y - 2 scrolls of enchant armour
 A - a scroll of recharging
Potions
 c - 2 potions of cancellation
 f - a potion of flight
 i - 6 potions of curing
 q - a potion of might
 u - a potion of beneficial mutation
Books
 b - a book of Frost

   Spells                             Type                      Level
   a - Freeze                         Ice                          1
   b - Throw Frost                    Conjuration/Ice              2
   c - Ozocubu's Armour               Charms/Ice                   3
   d - Throw Icicle                   Conjuration/Ice              4
   e - Summon Ice Beast               Ice/Summoning                4
 d - a book of Maledictions

   Spells                             Type                      Level
   a - Corona                         Hexes                        1
   b - Ensorcelled Hibernation        Hexes/Ice                    2
   c - Confuse                        Hexes                        3
   d - Tukima's Dance                 Hexes                        3
   e - Dazzling Spray                 Conjuration/Hexes            3
 p - the Compendium of Fire and Earth
   (You found it on level 6 of the Dungeon)

   Spells                             Type                      Level
   a - Flame Tongue                   Conjuration/Fire             1
   b - Sandblast                      Earth                        1
   c - Throw Flame                    Conjuration/Fire             2
   d - Passwall                       Transmutation/Earth          2
   e - Stone Arrow                    Conjuration/Earth            3
   f - Bolt of Magma                  Conjuration/Fire/Earth       5
   g - Iron Shot                      Conjuration/Earth            6
Comestibles
 k - 3 meat rations
 s - a royal jelly


   Skills:
 + Level 2.6 Fighting
 + Level 5.3 Short Blades
 * Level 6.4 Armour
 + Level 4.1 Dodging
 + Level 3.2 Stealth
 + Level 6.2 Spellcasting
 + Level 5.5 Conjurations
 * Level 1.6 Hexes
 + Level 3.3 Fire Magic
 * Level 6.6 Ice Magic


You had 5 spell levels left.
You knew the following spells:

 Your Spells              Type           Power        Failure   Level  Hunger
a - Freeze                Ice            ####         1%          1    None
b - Throw Frost           Conj/Ice       ####..       1%          2    None
c - Ozocubu's Armour      Chrm/Ice       ###.....     10%         3    #......
d - Throw Flame           Conj/Fire      ####..       1%          2    None
e - Throw Icicle          Conj/Ice       ####....     10%         4    ###....
f - Flame Tongue          Conj/Fire      ####.        1%          1    None
g - Tukima's Dance        Hex            ##......     17%         3    #......


Dungeon Overview and Level Annotations

Branches:
Dungeon (10/15)            Temple (1/1) D:5            Lair (0/6) D:9
    Orc: D:9-12

Shops:
D:5 ?


Innate Abilities, Weirdness & Mutations

You have an increased reservoir of magic. (+10% MP)
You are surrounded by a mild repulsion field. (EV +2)
Your body sometimes deteriorates upon taking damage.
Potions and wands are less effective at restoring your health.


Message History

Confirm with . or Enter, or press ? or * to list all spells.
Aiming: Throw Frost
Press: ? - help, Shift-Dir - straight line, f/p - yak
Aim: a yak (lightly wounded)
The puff of frost misses the orc.
The puff of frost hits the yak.
The yak is moderately wounded.
You barely miss the orc.
The orc is severely wounded.
The orc hits you but does no damage. The yak misses you.
You hit the orc.
You kill the orc!
The yak completely misses you.
Things that are here:
a dagger; a whip; a sling bullet The yak gores you.
* * * LOW HITPOINT WARNING * * *
The yak gores you!
* * * LOW HITPOINT WARNING * * *
The yak gores you!
You die...

#<#.##...#### #..
#####.##......# #..
#.....##......######..
#.######...........#..
#######.# #####.#####.#..
#.....#.#######.............
#.....'.....................
#.....#.#######.......##)##.
#.....#>†..@........(..)..#.
#o((..######Y#####....(((.#.
####(#### #o# #.######.##
#..).# #.# #.....(...#
#.#### ######.# #.......#.#
#o##### #..o...# #.......#.#
#.....###.###### #.#######..
#####.o...# #....[.....
#.....# ##########.


You could see a yak and an orc warrior.

Vanquished Creatures
  Joseph (D:9)
  Grinder (D:5)
  2 hippogriffs (D:8)
  6 yaks (D:9)
  A wyvern (D:9)
  A hungry ghost (D:7)
  A water moccasin (D:9)
  3 orc warriors
  3 ice beasts
  A black bear (D:6)
  6 sky beasts
  2 necrophages
  An ogre (D:9)
  3 centaurs
  3 phantoms
  2 crocodiles
  A big kobold (D:9)
  3 bullfrogs
  Blork the orc (D:5)
  5 scorpions
  A killer bee (D:7)
  5 wights (D:9)
  3 crimson imps
  3 quasits
  2 bullfrog skeletons
  A centaur zombie (D:9)
  2 gnoll shamans (D:4)
  4 jellies
  7 orc priests
  9 hounds
  9 orc wizards
  2 centaur skeletons (D:8)
  An iguana (D:8)
  6 worker ants
  3 hound zombies
  A hound skeleton (D:5)
  10 gnolls (D:4)
  13 adders
  A shadow imp (D:9)
  An adder skeleton (D:6)
  An adder zombie (D:7)
  3 worms
  2 dart slugs
  7 leopard geckos
  33 orcs
  10 giant cockroaches
  8 goblins
  3 hobgoblins
  18 jackals
  6 quokkas
  2 ball pythons
  8 bats
  4 frilled lizards
  A giant cockroach zombie (D:6)
  2 jackal skeletons
  2 jackal zombies
  10 kobolds
  2 leopard gecko skeletons
  9 rats
262 creatures vanquished.

Vanquished Creatures (others)
  A dancing weapon (D:10)
1 creature vanquished.

Grand Total: 263 creatures vanquished

Notes
Turn   | Place    | Note
-------+----------+-------------------------------------------
     0 | D:1      | Pytinka the Demigod Ice Elementalist began the quest for the Orb.
     0 | D:1      | Reached XP level 1. HP: 14/14 MP: 5/5
   211 | D:1      | Reached XP level 2. HP: 15/20 MP: 7/7
   655 | D:1      | Learned a level 2 spell: Throw Frost
  1047 | D:2      | Reached XP level 3. HP: 24/26 MP: 1/8
  1061 | D:2      | Found a blossoming altar of Fedhas.
  1751 | D:2      | Reached skill level 1 in Conjurations
  2498 | D:3      | Reached XP level 4. HP: 33/33 MP: 7/10
  2503 | D:3      | Learned a level 3 spell: Ozocubu's Armour
  2552 | D:3      | Gained mutation: Potions and wands are less effective at restoring your health. [potion of mutation]
  2552 | D:3      | Gained mutation: You are surrounded by a mild repulsion field. (EV +2) [potion of mutation]
  2552 | D:3      | Gained mutation: Your body sometimes deteriorates upon taking damage. [potion of mutation]
  2805 | D:3      | You fall through a shaft for 3 floors!
  2833 | D:6      | Noticed a black bear
  2860 | D:6      | Killed a black bear
  2860 | D:6      | Reached skill level 1 in Short Blades
  2860 | D:6      | Reached skill level 1 in Armour
  2860 | D:6      | Reached XP level 5. HP: 36/38 MP: 0/12
  3153 | D:6      | Noticed an orc warrior
  3203 | D:6      | Reached XP level 6. HP: 25/46 MP: 0/13
  3410 | D:6      | Identified the Compendium of Fire and Earth
  3415 | D:6      | Learned a level 2 spell: Throw Flame
  4724 | D:6      | Reached skill level 1 in Fire Magic
  4724 | D:6      | Reached XP level 7. HP: 46/51 MP: 6/15
  5374 | D:5      | Entered Level 5 of the Dungeon
  5514 | D:5      | Noticed Blork the orc
  5520 | D:5      | Killed Blork the orc
  5605 | D:5      | Found a staircase to the Ecumenical Temple.
  5619 | Temple   | Entered the Ecumenical Temple
  5924 | D:5      | Reached skill level 1 in Fighting
  5987 | D:5      | Noticed Grinder
  5987 | D:5      | Paralysed by Grinder for 2 turns
  6162 | D:5      | Reached XP level 8. HP: 53/59 MP: 7/17
  6493 | D:5      | Killed Grinder
  6832 | D:5      | Found Owko's Magic Scroll Emporium.
  6980 | D:5      | Bought a scroll of brand weapon for 200 gold pieces
  7709 | D:5      | You fall through a shaft for 2 floors!
  8023 | D:7      | Found a stormy altar of Qazlal.
  8740 | D:4      | Reached skill level 5 in Ice Magic
  9216 | D:4      | Found an iron altar of Okawaru.
 10549 | D:7      | Reached XP level 9. HP: 67/67 MP: 10/19
 10556 | D:7      | Learned a level 4 spell: Throw Icicle
 11002 | D:5      | Bought a scroll of blinking for 75 gold pieces
 11395 | D:8      | Found a deep blue altar of Sif Muna.
 11396 | D:8      | Found a white marble altar of Elyvilon.
 11464 | D:8      | Reached skill level 5 in Armour
 11464 | D:8      | Reached skill level 5 in Spellcasting
 12299 | D:8      | Found a radiant altar of Vehumet.
 12761 | D:8      | Found a shattered altar of Ashenzari.
 13092 | D:9      | Found a blossoming altar of Fedhas.
 13365 | D:9      | Found a staircase to the Lair.
 13529 | D:9      | Learned a level 1 spell: Flame Tongue
 13678 | D:9      | Found a shimmering altar of Xom.
 13678 | D:9      | Found a shimmering altar of Xom.
 13679 | D:9      | Found a shimmering altar of Xom.
 13680 | D:9      | Found a shimmering altar of Xom.
 13680 | D:9      | Found a shimmering altar of Xom.
 13680 | D:9      | Found a shimmering altar of Xom.
 13680 | D:9      | Found a shimmering altar of Xom.
 14351 | D:9      | Noticed Joseph
 15016 | D:9      | Reached XP level 10. HP: 43/73 MP: 3/22
 15253 | D:10     | Entered Level 10 of the Dungeon
 15294 | D:10     | Reached skill level 5 in Conjurations
 15510 | D:10     | Learned a level 3 spell: Tukima's Dance
 16145 | D:10     | Noticed a hill giant
 16671 | D:9      | Reached skill level 5 in Short Blades
 16746 | D:9      | Reached skill level 1 in Hexes
 17041 | D:9      | Killed Joseph
 17903 | D:9      | Slain by a yak

Skill      XL: |  1  2  3  4  5  6  7  8  9 10 |
---------------+-------------------------------+-----
Dodging        | 2 3 4 |  4.1
Ice Magic      | 3 4 5 6 |  6.6
Spellcasting   | 2 3 4 5 6 |  6.2
Stealth        | 2 3 |  3.2
Conjurations   | 1 2 3 4 5 |  5.5
Short Blades   | 1 2 3 4 5 |  5.3
Armour         | 1 2 3 4 6 |  6.4
Fire Magic     | 1 2 3 |  3.3
Fighting       | 1 2 |  2.6
Hexes          | 1 |  1.6

Action                   |  1- 3 |  4- 6 |  7- 9 | 10-12 || total
-------------------------+-------+-------+-------+-------++-------
Melee: Short sword       |    84 |    90 |   394 |   118 ||   686
 Cast: Freeze            |     8 |     3 |    41 |    20 ||    72
       Throw Frost       |    39 |    37 |   159 |    43 ||   278
       Ozocubu's Armour  |       |     1 |     1 |       ||     2
       Throw Flame       |       |    29 |   118 |    17 ||   164
       Throw Icicle      |       |       |    33 |    22 ||    55
       Flame Tongue      |       |       |    16 |    10 ||    26
       Tukima's Dance    |       |       |       |     4 ||     4
  Use: Scroll            |     7 |     8 |    12 |     6 ||    33
       Potion            |     6 |     2 |     3 |     4 ||    15
 Stab: Sleeping          |     1 |       |     5 |       ||     6
       Distracted        |       |       |     1 |       ||     1
  Eat: Chunk             |     5 |       |    15 |     2 ||    22
       Royal jelly       |     1 |       |       |       ||     1
       Bread ration      |       |     2 |     3 |       ||     5
       Beef jerky        |       |     1 |     2 |       ||     3
       Meat ration       |       |       |     2 |     2 ||     4
Armor: Robe              |    21 |    27 |    93 |    32 ||   173
Dodge: Dodged            |    54 |    67 |   288 |   108 ||   517
